 Dungeon Sprint DCSS version 0.18.1-48-g4cf74bf (webtiles) character file.

10500000 Joat the Axe Maniac (level 27, -5/273 HPs)
             Began as a Minotaur Gladiator on Sept 7, 2016.
             Was the Champion of Makhleb.
             Killed by divine providence
             ... invoked by an accursed
              (12 damage)
             ... in the Dungeon (Sprint VIII: "Arena of Blood").
             The game lasted 00:08:51 (105 turns).

Joat the Axe Maniac (Minotaur Gladiator)             Turns: 105, Time: 00:08:51

Health: -5/273     AC:  6    Str: 30    XL:     27
Magic:  32/53      EV: 29    Int:  5    God:    Makhleb [******]
Gold:   0          SH:  0    Dex: 14    Spells: 0 memorised, 80 levels left

rFire  . . .     SeeInvis .     l - +∞ Axe of Woe
rCold  . . .     Gourm    .     b - +0 leather armour
rNeg   . . .     Faith    .     (shield currently unavailable)
rPois  .         Spirit   .     c - +0 hat
rElec  .         Dismiss  .     (no cloak)
rCorr  .         Reflect  .     (no gloves)
SustAt .         Harm     .     (no boots)
MR     ++...     NoTele   +     (no amulet)
Stlth  ++++++++..               (no ring)
                                (no ring)

@: very resistant to hostile enchantments, extraordinarily stealthy
A: retaliatory headbutt, horns 2
a: Minor Destruction, Lesser Servant of Makhleb, Major Destruction, Greater
Servant of Makhleb, Renounce Religion


You were in the Dungeon.
You worshipped Makhleb.
Makhleb was exalted by your worship.
You were not hungry.

You visited 1 branch

Inventory:

Hand Weapons
 a - a +0 war axe
 l - the +∞ Axe of Woe (weapon)
   (You found it in the Dungeon)
Missiles
 d - 3 throwing nets (quivered)
Armour
 b - a +0 leather armour (worn)
 c - a +0 hat (worn)
Scrolls
 k - a scroll of blinking
Potions
 e - a potion of curing
 h - a potion of haste
 i - 2 potions of magic
 j - a potion of berserk rage
Comestibles
 f - a bread ration


   Skills:
 O Level 27 Fighting
 O Level 27 Axes
 O Level 27 Throwing
 O Level 27 Armour
 O Level 27 Dodging
 O Level 27 Stealth
 O Level 27 Unarmed Combat
 O Level 27 Spellcasting
 O Level 27 Invocations


You had 80 spell levels left.
You didn't know any spells.

Dungeon Overview and Level Annotations

Branches:
Dungeon (1/1)

Altars:
Makhleb


Innate Abilities, Weirdness & Mutations

You reflexively headbutt those who attack you in melee.
You have a pair of horns on your head.


Message History

A fireball appears from out of thin air!
The fireball explodes!
The fireball engulfs you!
* * * LOW HITPOINT WARNING * * *
You hear a shout! x2
Something bites you!
* * * LOW HITPOINT WARNING * * *
The bag of meat shouts!
Unknown command.
Drink which item? (? for menu, Esc to quit)
You feel much better.
You hear a shout! x3
The destroyer blinks!
You feel something staring at you. Something smites you!
* * * LOW HITPOINT WARNING * * *
Something bites you!
* * * LOW HITPOINT WARNING * * *
The accursed gestures at you while chanting.
Something smites you!
You die...

%... ...o...%.%......
%.... .....%.......
....o #...)%.%# ..#.M.
#..).%).#
......###)M%)%..###...
......))))o###........
...#.z)V))%._.........
#.......#%%%..#......
..%...%.@#_.<._#......
%#...%...#...%.#......
...#..§.§..._.........
.%.%.....%.###%.....o.
....%.###%.. ...###...
..o.. #.... ..# .....
#.......# ....
.........


You could see 2 accurseds, a destroyer, a sculptor of flesh and 3 bags of meat.

Vanquished Creatures
  14 hell beasts (D)
  4 greater mummies (D)
  A great orb of eyes (D)
  A wraith (D)
  14 vampire knights (D)
  42 ogres (D)
  6 liches (D)
  93 orcs (D)
  3 phantoms (D)
  12 hill giants (D)
  4 skeletal warriors (D)
  9 small abominations (D)
  8 large abominations (D)
  6 crawling corpses (D)
217 creatures vanquished.

Vanquished Creatures (others)
  5 crawling corpses (D)
5 creatures vanquished.

Grand Total: 222 creatures vanquished

Notes
Turn   | Place    | Note
--------------------------------------------------------------
     0 | D        | Joat the Minotaur Gladiator began the quest for the Orb.
     0 | D        | Reached XP level 1. HP: 18/18 MP: 0/0
     3 | D        | Noticed a bag of meat
     4 | D        | Became a worshipper of Makhleb the Destroyer
     6 | D        | Noticed a bag of meat
     6 | D        | Noticed a bag of meat
     7 | D        | Noticed a bag of meat
     7 | D        | Noticed a bag of meat
     8 | D        | Killed a bag of meat
     8 | D        | Reached skill level 27 in Axes
     8 | D        | Reached skill level 15 in Fighting
     8 | D        | Reached XP level 2. HP: 22/49 MP: 1/1
     8 | D        | Reached XP level 3. HP: 26/56 MP: 2/2
     8 | D        | Reached XP level 4. HP: 29/63 MP: 3/3
     8 | D        | Reached XP level 5. HP: 32/70 MP: 4/4
     8 | D        | Reached XP level 6. HP: 36/78 MP: 5/5
     8 | D        | Reached XP level 7. HP: 39/84 MP: 6/6
     8 | D        | Reached XP level 8. HP: 42/92 MP: 7/7
     8 | D        | Reached XP level 9. HP: 46/100 MP: 8/8
     8 | D        | Reached XP level 10. HP: 49/107 MP: 9/9
     8 | D        | Reached XP level 11. HP: 52/114 MP: 10/10
     9 | D        | Noticed a bag of meat
     9 | D        | Noticed a meat berserker
     9 | D        | Noticed a meat berserker
     9 | D        | Noticed a bag of meat
     9 | D        | Noticed a meat berserker
    10 | D        | Killed a bag of meat
    10 | D        | Reached * piety under Makhleb
    10 | D        | Reached XP level 12. HP: 67/143 MP: 11/11
    11 | D        | Noticed a bag of meat
    11 | D        | Noticed a meat berserker
    12 | D        | HP: 4/143 [meat berserker/+9 battleaxe (64)]
    12 | D        | Noticed a bag of meat
    12 | D        | Noticed a bag of meat
    13 | D        | Noticed a bag of meat
    13 | D        | Killed a meat berserker
    13 | D        | Reached skill level 27 in Fighting
    13 | D        | Reached skill level 10 in Invocations
    13 | D        | Reached XP level 13. HP: 68/159 MP: 11/19
    13 | D        | Reached XP level 14. HP: 71/168 MP: 11/20
    14 | D        | Noticed a bag of meat
    14 | D        | Noticed a bag of meat
    14 | D        | Noticed a meat berserker
    14 | D        | Killed a meat berserker
    14 | D        | Reached ** piety under Makhleb
    14 | D        | Reached skill level 15 in Invocations
    14 | D        | Reached XP level 15. HP: 74/174 MP: 11/25
    15 | D        | Reached *** piety under Makhleb
    17 | D        | Killed a meat berserker
    17 | D        | Reached XP level 16. HP: 183/183 MP: 11/29
    18 | D        | Noticed a meat berserker
    18 | D        | Killed a meat berserker
    18 | D        | Reached **** piety under Makhleb
    18 | D        | Reached skill level 27 in Armour
    18 | D        | Reached XP level 17. HP: 191/191 MP: 11/32
    19 | D        | Reached skill level 27 in Dodging
    19 | D        | Reached ***** piety under Makhleb
    19 | D        | Reached skill level 27 in Invocations
    20 | D        | Noticed a meat berserker
    21 | D        | Noticed a meat berserker
    21 | D        | Killed a meat berserker
    21 | D        | Reached XP level 18. HP: 200/200 MP: 12/34
    22 | D        | Noticed a large bag of meat
    24 | D        | Noticed a meat berserker
    24 | D        | Noticed a destroyer
    24 | D        | Noticed a large bag of meat
    25 | D        | Noticed a large bag of meat
    25 | D        | Killed a meat berserker
    25 | D        | Reached skill level 27 in Stealth
    25 | D        | Reached XP level 19. HP: 207/207 MP: 13/35
    25 | D        | Reached ****** piety under Makhleb
    25 | D        | Reached skill level 15 in Spellcasting
    26 | D        | Killed a meat berserker
    26 | D        | Reached XP level 20. HP: 216/216 MP: 13/46
    27 | D        | Killed a meat berserker
    27 | D        | Reached skill level 27 in Spellcasting
    27 | D        | Reached skill level 15 in Unarmed Combat
    27 | D        | Reached XP level 21. HP: 224/224 MP: 13/51
    29 | D        | Noticed a destroyer
    30 | D        | Reached skill level 27 in Unarmed Combat
    30 | D        | Killed a destroyer
    30 | D        | Reached skill level 27 in Throwing
    30 | D        | Reached XP level 22. HP: 233/233 MP: 14/52
    34 | D        | Killed a destroyer
    34 | D        | Reached XP level 23. HP: 208/240 MP: 15/53
    36 | D        | Noticed a destroyer
    37 | D        | Reached XP level 24. HP: 249/249 MP: 15/53
    38 | D        | Noticed a destroyer
    39 | D        | Reached XP level 25. HP: 257/257 MP: 16/53
    42 | D        | Noticed a destroyer
    42 | D        | Noticed a destroyer
    44 | D        | Reached XP level 26. HP: 266/266 MP: 17/53
    44 | D        | Killed a destroyer
    44 | D        | Killed a destroyer
    44 | D        | Killed a destroyer
    45 | D        | Noticed a destroyer
    45 | D        | Reached XP level 27. HP: 273/273 MP: 17/53
    48 | D        | Noticed a destroyer
    48 | D        | Killed a destroyer
    49 | D        | Noticed a tyrant
    49 | D        | Killed a destroyer
    50 | D        | Noticed a destroyer
    50 | D        | Noticed a destroyer
    50 | D        | Noticed a tyrant
    51 | D        | Noticed an accursed
    51 | D        | Killed a tyrant
    53 | D        | Noticed an accursed
    54 | D        | Noticed a tyrant
    57 | D        | Noticed a tyrant
    58 | D        | Killed a destroyer
    59 | D        | Noticed a destroyer
    60 | D        | Killed a destroyer
    61 | D        | Noticed a tyrant
    62 | D        | Killed a destroyer
    63 | D        | Noticed an accursed
    64 | D        | Noticed a tyrant
    66 | D        | Noticed a destroyer
    66 | D        | Killed an accursed
    67 | D        | Noticed a meat beast
    67 | D        | Killed a tyrant
    70 | D        | Noticed an accursed
    70 | D        | Killed a destroyer
    71 | D        | Noticed a meat beast
    71 | D        | Killed a tyrant
    72 | D        | Noticed a meat beast
    72 | D        | Noticed a dread
    72 | D        | Killed a meat beast
    73 | D        | Killed a tyrant
    74 | D        | Killed a meat beast
    74 | D        | Killed a tyrant
    75 | D        | Noticed a meat beast
    75 | D        | Noticed a meat beast
    75 | D        | Noticed a meat beast
    76 | D        | Killed a meat beast
    77 | D        | Noticed a meat beast
    77 | D        | Noticed a meat beast
    77 | D        | Killed a tyrant
    79 | D        | Noticed a meat beast
    79 | D        | Killed a meat beast
    80 | D        | Killed a meat beast
    80 | D        | Killed a meat beast
    81 | D        | Noticed a destroyer
    81 | D        | Killed a meat beast
    82 | D        | Killed a meat beast
    82 | D        | Killed a meat beast
    83 | D        | Noticed a meat beast
    83 | D        | Noticed a meat beast
    83 | D        | Noticed a meat beast
    83 | D        | Killed a destroyer
    84 | D        | Noticed a destroyer
    85 | D        | Killed a dread
    86 | D        | Noticed an accursed
    86 | D        | Killed a meat beast
    87 | D        | Killed an accursed
    87 | D        | Killed a meat beast
    87 | D        | Killed a destroyer
    88 | D        | Killed an accursed
    88 | D        | Killed a meat beast
    88 | D        | Killed a destroyer
    91 | D        | Noticed an accursed
    98 | D        | Noticed a meat beast
    99 | D        | Noticed a meat beast
   101 | D        | Noticed a destroyer
   103 | D        | Killed an accursed
   103 | D        | Killed a meat beast
   103 | D        | Killed a meat beast
   104 | D        | HP: 9/269 [something (16)]
   105 | D        | Killed from afar by an accursed

Skill      XL: |  1  2  3  4  5  6  7  8  9 10 11 12 13 14 15 16 17 18 19 20 21 |
---------------+----------------------------------------------------------------+-----
Axes           | 27 | 27.0
Fighting       | 15 23 27 | 27.0
Armour         | 12 17 24 27 | 27.0
Dodging        | 11 16 22 26 27 | 27.0
Invocations    | 10 15 21 24 27 | 27.0
Stealth        | 20 27 | 27.0
Spellcasting   | 11 23 27 | 27.0
Throwing       | 14 27 | 27.0
Unarmed Combat | 15 27 | 27.0

Action                   |  1- 3 |  4- 6 |  7- 9 | 10-12 | 13-15 | 16-18 | 19-21 | 22-24 | 25-27 || total
-------------------------+-------+-------+-------+-------+-------+-------+-------+-------+-------++-------
Melee: Executioner's axe |     1 |       |       |     2 |     3 |     6 |     5 |     8 |    60 ||    85
Invok: Greater Servant o |       |       |       |       |       |       |       |       |     1 ||     1
  Use: Potion            |       |       |       |       |       |       |       |       |     1 ||     1
Armor: Leather armour    |       |       |       |       |       |       |       |       |     2 ||     2
Dodge: Dodged            |       |       |       |       |       |       |       |       |     5 ||     5
